 Dungeon Crawl Stone Soup version 0.32-a0-913-g739538afd8 (webtiles) character file.

Game seed: 6923174678868904097

58 tilp the Vexing (level 3, -12/26 HPs)
             Began as a Vampire Enchanter on Apr 7, 2024.
             Mangled by Crazy Yiuf
             ... wielding a +4 quarterstaff of chaos
              (16 damage)
             ... on level 2 of the Dungeon.
             The game lasted 00:02:21 (1605 turns).

tilp the Vexing (Vampire Enchanter)                 Turns: 1605, Time: 00:02:21

Health: -12/26     AC:  4    Str:  7    XL:     3   Next: 75%
Magic:  0/6        EV: 11    Int: 19    God:
Gold:   47         SH:  0    Dex: 14    Spells: 1/6 levels left

rFire   + . .        a - +2 dagger
rCold   . . .        (no shield)
rNeg    . . .        b - +1 robe
rPois   .            f - +0 helmet
rElec   .            (no cloak)
rCorr   .            (no gloves)
SInv    +            (no boots)
Will    .....        (no amulet)
Stlth   +++          h - ring of protection from fire
HPRegen 0.44/turn    (no ring)
MPRegen 0.10/turn

%: no passive effects
@: very slightly contaminated, healing quickly
A: alive, fangs 3, see invisible, vampiric 2
a: Exsanguinate


You were on level 2 of the Dungeon.
You visited 1 branch of the dungeon, and saw 2 of its levels.

You collected 47 gold pieces.

Inventory:

Hand Weapons
 a - a +2 dagger (weapon)
Armour
 b - a +1 robe (worn)
 f - a +0 helmet (worn)
Jewellery
 h - a ring of protection from fire (left hand)
 i - a ring of ice
 j - a ring of fire
 k - a ring of ice
Scrolls
 d - 3 scrolls of teleportation {unknown}
 e - a scroll of identify
Potions
 c - 2 potions of invisibility
 g - 2 potions of enlightenment
 l - 3 potions of attraction


   Skills:
 * Level 1.1 Fighting
 + Level 1.7(2.0) Short Blades
 * Level 1.1(1.5) Long Blades
 + Level 2.5 Dodging
 + Level 4.8 Stealth
 + Level 2.2 Spellcasting
 * Level 5.0 Hexes


You had one spell level left.
You knew the following spells:

 Your Spells              Type           Power      Damage    Failure   Level
a - Ensorcelled Hibernat  Hex/Ice        22%        N/A       9%          2
b - Confusing Touch       Hex            21%        N/A       6%          3

Your spell library contained the following spells:

 Spells                   Type           Power      Damage    Failure   Level
 Tukima's Dance           Hex            21%        N/A       6%          3
 Dazzling Flash           Conj/Hex       22%        N/A       19%         3
 Lesser Beckoning         Tloc           4%         N/A       26%         2
 Static Discharge         Conj/Air       4%         3-4/arc   26%         2
 Maxwell's Portable Pile  Tloc           2%         2d(5-14)  45%         3
 Teleport Other           Tloc           2%         N/A       45%         3
 Airstrike                Air            1%         2d(1-17)  86%         4
 Summon Lightning Spire   Summ/Air       2%         N/A       86%         4


Dungeon Overview and Level Annotations

Branches:
Dungeon (2/15)

Altars:

Annotations:
D:2 Crazy Yiuf


Innate Abilities, Weirdness & Mutations

Your natural rate of healing is accelerated.
You have razor-sharp teeth.
You have supernaturally acute eyesight. (SInv)
You are afflicted with vampirism and can become a bat while bloodless.


Message History

You open the door.
Casting: Ensorcelled Hibernation (safe; 9% risk of failure)
Confirm with . or Enter, or press ? or * to list all spells.
Aiming: Ensorcelled Hibernation (safe; 9% risk of failure)
Press: ? - help, Shift-Dir - straight line, f - Crazy Yiuf
Aim: Crazy Yiuf, wielding a +4 quarterstaff of chaos and wearing a +2 cloak of stealth (wandering, hasn't noticed you, chance to affect: 53%) Crazy Yiuf shouts!
Crazy Yiuf resists with significant effort.
Unknown command.
Casting: Ensorcelled Hibernation (safe; 9% risk of failure)
Confirm with . or Enter, or press ? or * to list all spells.
Aiming: Ensorcelled Hibernation (safe; 9% risk of failure)
Press: ? - help, Shift-Dir - straight line, f/p - Crazy Yiuf
Aim: Crazy Yiuf, wielding a +4 quarterstaff of chaos and wearing a +2 cloak of stealth (chance to affect: 53%) Crazy Yiuf resists with significant effort.
Unknown command.
Casting: Ensorcelled Hibernation (safe; 9% risk of failure)
Confirm with . or Enter, or press ? or * to list all spells.
Aiming: Ensorcelled Hibernation (safe; 9% risk of failure)
Press: ? - help, Shift-Dir - straight line, f/p - Crazy Yiuf
Aim: Crazy Yiuf, wielding a +4 quarterstaff of chaos and wearing a +2 cloak of stealth (chance to affect: 53%)
You miscast Ensorcelled Hibernation.
You are very lightly contaminated with residual magic.
Nothing appears to happen.
You hit Crazy Yiuf.
Crazy Yiuf is lightly wounded.
You hit Crazy Yiuf.
Crazy Yiuf is lightly wounded.
Crazy Yiuf barely misses you.
You hit Crazy Yiuf.
Crazy Yiuf is moderately wounded.
Crazy Yiuf hits you with a +4 quarterstaff of chaos!
Crazy Yiuf burns you.
You barely miss Crazy Yiuf.
Crazy Yiuf is moderately wounded.
Crazy Yiuf hits you with a +4 quarterstaff of chaos!
* * * LOW HITPOINT WARNING * * *
You convulse!
Ouch! That really hurt!
You die...

#..............############
..........................#
#..............##########.#
..##.....####### #.#
#.##.....# #.# #.##.....#
♣♣♣♣♣##.## #.##.....# ###
♣♣♣.♣.P....# #.########
#...#♣..♣.......# #.#
#...g@♣♣♣♣.P....# #.#
#)..#♣♣ ♣♣P...## ..# ###
♣♣#### ###


You could see Crazy Yiuf.

Vanquished Creatures
  A gnoll (D:1)
  2 dart slugs
  3 endoplasms (D:2)
  3 giant cockroaches
  3 goblins (D:1)
  5 hobgoblins
  4 jackals (D:2)
  2 quokkas (D:1)
  2 ball pythons
  4 bats
  2 frilled lizards (D:1)
  5 kobolds
  5 rats
41 creatures vanquished.

Notes
Turn   | Place    | Note
-------+----------+-------------------------------------------
     0 | D:1      | tilp the Vampire Enchanter began the quest for the Orb.
     0 | D:1      | Reached XP level 1. HP: 13/13 MP: 3/3
   157 | D:1      | Reached XP level 2. HP: 20/20 MP: 5/5
   180 | D:1      | Learned a level 2 spell: Ensorcelled Hibernation
   414 | D:1      | Reached skill level 1 in Long Blades
   469 | D:1      | Gained mutation: You are afflicted with vampirism and can
                  | become a bat while bloodless. [Vampire growth]
   469 | D:1      | Reached XP level 3. HP: 25/25 MP: 6/6
   473 | D:1      | Learned a level 3 spell: Confusing Touch
   697 | D:1      | Found a faded altar of an unknown god.
   962 | D:2      | Reached skill level 1 in Fighting
   971 | D:2      | Reached skill level 5 in Hexes
  1352 | D:2      | Found a runed translucent door.
  1353 | D:2      | Noticed Crazy Yiuf
  1605 | D:2      | Mangled by Crazy Yiuf

Illustrated notes

Levels and vault maps discovered:
D:1:      dpeg_arrival_rooms_a, layout_loops_cross,
          dilly_ecumenical_altar_fadedgnrine
D:2:      layout_basic, hangedman_decor_opposing, uniq_crazy_yiuf_cottage

Skill      XL: |  1  2  3 |
---------------+----------+-----
Long Blades    | 1 |  1.1
Fighting       | 1 |  1.1
Hexes          | 5 |  5.0
Short Blades   | |  1.7
Dodging        | |  2.5
Stealth        | |  4.8
Spellcasting   | |  2.2

Action                     || total
---------------------------++-------
  Melee: Dagger            ||   121
         Bite              ||    11
   Cast: Ensorcelled Hiber ||     7
    Use: Scroll            ||     5
   Stab: Sleeping          ||    14
 Armour: Robe              ||    52
  Dodge: Dodged            ||    56

Table legend: (Time is in decaauts)
 A = Elapsed time spent in this place.
 B = Non-inter-level travel time spent in this place.
 C = Inter-level travel time spent in this place.
 D = Time resting spent in this place.
 E = Time spent auto-exploring this place.
 F = Levels seen in this place.
 G = Mean time per level.
                   A        B        C        D        E       F      G
               +--------+--------+--------+--------+--------+-----+--------+
         Total |   1592 |   1577 |     15 |     32 |   1201 |   2 |  796.0 |
       Dungeon |   1592 |   1577 |     15 |     32 |   1201 |   2 |  796.0 |
               +--------+--------+--------+--------+--------+-----+--------+

Top non-repeatable levels by time:
     D:1: 808 daAuts
     D:2: 784 daAuts
